 Dungeon Crawl Stone Soup version 0.27-a0-277-g024f7ef292 (webtiles) character file.

Game seed: 9589617038503271609

105 Borgoz the Cudgeller (level 4, -2/28 HPs)
             Began as a Gargoyle Gladiator on Feb 5, 2021.
             Slain by an ogre
             ... wielding a +0 giant club
              (21 damage)
             ... on level 4 of the Dungeon.
             The game lasted 00:01:50 (2359 turns).

Borgoz the Cudgeller (Gargoyle Gladiator)           Turns: 2359, Time: 00:01:51

Health: -2/28      AC: 11    Str: 17    XL:     4   Next: 81%
Magic:  4/4        EV: 15    Int:  9    God:
Gold:   137        SH:  0    Dex: 12    Spells: 3/3 levels left

rFire    . . .     SeeInvis .   a - +0 flail
rCold    . . .     Faith    .   (no shield)
rNeg     + . .     Spirit   .   s - +0 ring mail
rPois    ∞         Reflect  .   c - +1 helmet
rElec    +         Harm     .   (no cloak)
rCorr    .         Rampage  .   (no gloves)
Will     .....                  (no boots)
Stlth    +.........             (no amulet)
HPRegen  0.09/turn              o - +4 ring of evasion
MPRegen  0.09/turn              (no ring)

@: no status effects
A: negative energy resistance 1, electricity resistance, unbreathing,
petrification resistance, miasma immunity, AC +3
a: no special abilities


You were on level 4 of the Dungeon.
You visited 1 branch of the dungeon, and saw 4 of its levels.

You collected 137 gold pieces.

Inventory:

Hand Weapons
 a - a +0 flail (weapon)
Missiles
 d - 3 throwing nets (quivered)
Armour
 c - a +1 helmet (worn)
 s - a +0 ring mail (worn)
Jewellery
 o - a +4 ring of evasion (left hand)
Scrolls
 f - 2 scrolls of enchant armour
 h - 3 scrolls of remove curse
 k - a scroll of amnesia {unknown}
 m - a scroll of fear {unknown}
 r - a scroll of random uselessness {unknown}
Potions
 e - 2 potions of heal wounds
 g - a potion of lignification {unknown}
 i - 4 potions of curing
 j - a potion of might
 l - a potion of degeneration {unknown}
 n - a potion of haste {unknown}
 q - a potion of cancellation {unknown}


   Skills:
 + Level 3.2 Fighting
 + Level 3.6 Maces & Flails
 - Level 1.7 Throwing
 + Level 2.1 Armour
 + Level 3.0 Dodging


You had 3 spell levels left.
You didn't know any spells.
Your spell library was empty.

Dungeon Overview and Level Annotations

Branches:
Dungeon (4/15)
 Temple: D:4-7

Altars:
Hepliaklqana


Innate Abilities, Weirdness & Mutations

You are resistant to torment.
Your stone body is resilient. (AC +3)
You are immune to poison.
You resist negative energy. (rN+)
You are resistant to electric shocks. (rElec)
You can survive without breathing.
You are immune to petrification.
You are immune to miasma.


Message History

The centaur skeleton closely misses you.
The centaur skeleton hits you but does no damage.
You thump the centaur skeleton!
You destroy the centaur skeleton!
Your Armour skill increases to level 2!
Your Dodging skill increases to level 3!
No target in view!
HP restored.
You now have 137 gold pieces (gained 18).
Found a stone staircase leading down.
No target in view!
An ogre comes into view. It is wielding a +0 giant club.
The ogre shouts!
An ogre is nearby!
The ogre hits you with a +0 giant club!
You sock the ogre!
The ogre is moderately wounded.
The ogre hits you with a +0 giant club!!
Ouch! That really hurt!
You die...

###....#
..###
#......#
.##
#.###### .
#.# ###.#
#.#
##....#
#.#
##......#
#.#
##......#
#.#
###..O.#
#.###...@#
#.......##
#......##
##...###
#####


You could see an ogre.

Vanquished Creatures
  A centaur skeleton (D:4)
  2 adders (D:2)
  A worm (D:3)
  A dart slug (D:2)
  A leopard gecko (D:3)
  7 orcs (D:3)
  A giant cockroach (D:1)
  6 goblins
  3 hobgoblins
  2 jackals (D:1)
  A quokka (D:4)
  5 bats
  3 frilled lizards
  6 kobolds
  9 rats
49 creatures vanquished.

Notes
Turn   | Place    | Note
-------+----------+-------------------------------------------
     0 | D:1      | Borgoz the Gargoyle Gladiator began the quest for the Orb.
     0 | D:1      | Reached XP level 1. HP: 12/12 MP: 1/1
   138 | D:1      | Reached XP level 2. HP: 18/18 MP: 2/2
   350 | D:1      | Reached skill level 1 in Armour
   646 | D:2      | Reached XP level 3. HP: 22/22 MP: 3/3
   934 | D:2      | Found a hazy altar of Hepliaklqana.
  1463 | D:3      | Reached XP level 4. HP: 19/28 MP: 4/4
  2355 | D:4      | Noticed an ogre
  2359 | D:4      | Slain by an ogre

Illustrated notes

Levels and vault maps discovered:
D:1:      saegor_arrival_simple_b, layout_basic
D:2:      layout_rooms, lemuel_round_altar, grunt_decor_arrowhead
D:3:      layout_basic
D:4:      layout_rooms, lemuel_round_altar, serial_curves, eino_curves_01,
          eino_curves_02

Skill      XL: |  1  2  3  4 |
---------------+-------------+-----
Armour         | 1 2 |  2.1
Fighting       | 3 |  3.2
Dodging        | 3 |  3.0
Maces & Flails | |  3.6
Throwing       | |  1.7

Action                   |  1- 3 |  4- 6 || total
-------------------------+-------+-------++-------
Melee: Flail             |   119 |    34 ||   153
  Use: Scroll            |       |     5 ||     5
Armor: Leather armour    |    46 |     6 ||    52
       Ring mail         |       |     5 ||     5
Dodge: Dodged            |    98 |    30 ||   128

Table legend: (Time is in decaauts)
 A = Elapsed time spent in this place.
 B = Non-inter-level travel time spent in this place.
 C = Inter-level travel time spent in this place.
 D = Time resting spent in this place.
 E = Time spent auto-exploring this place.
 F = Levels seen in this place.
 G = Mean time per level.
                   A        B        C        D        E       F      G
               +--------+--------+--------+--------+--------+-----+--------+
         Total |   2393 |   2282 |    111 |    139 |   1779 |   4 |  598.2 |
       Dungeon |   2393 |   2282 |    111 |    139 |   1779 |   4 |  598.2 |
               +--------+--------+--------+--------+--------+-----+--------+

Top non-repeatable levels by time:
     D:3: 1153 daAuts
     D:1: 658 daAuts
     D:2: 505 daAuts
     D:4: 76 daAuts
